 Dungeon Crawl Stone Soup version 0.12.2-12-gd1dd697 (webtiles) character file.

180 hallflukai the Chopper (level 4, -3/39 HPs)
             Began as a Minotaur Berserker on July 23, 2013.
             Was a Believer of Trog.
             Slain by a gnoll
             ... wielding a +0,+0 halberd
              (7 damage)
             ... on Level 2 of the Dungeon.
             The game lasted 00:13:52 (1483 turns).

hallflukai the Chopper (Minotaur Berserker)         Turns: 1483, Time: 00:13:52

HP  -3/39        AC  3     Str 22      XL: 4   Next: 10%
MP   1/1         EV 11     Int  4      God: Trog [**....]
Gold 106         SH  0     Dex 10      Spells:  0 memorised,  3 levels left

Res.Fire  : . . .   See Invis. : .   a - +0 hand axe {=f}
Res.Cold  : . . .   Warding    : .   m - +0 elf leather armour (curse)
Life Prot.: . . .   Conserve   : .   (no shield)
Res.Poison: .       Res.Corr.  : .   (helmet restricted)
Res.Elec. : .       Clarity    : .   (no cloak)
Sust.Abil.: . .     Spirit.Shd : .   (no gloves)
Res.Mut.  : .       Stasis     : .   (no boots)
Res.Rott. : .       Ctrl.Telep.: .   (no amulet)
Saprovore : . . .   Flight     : .   (no ring)
                                     (no ring)

@: slightly resistant to hostile enchantments, very unstealthy
A: retaliatory headbutt, horns 2
a: Burn Spellbooks, Berserk, Trog's Hand, Renounce Religion


You were on level 2 of the Dungeon.
You worshipped Trog.
Trog was most pleased with you.
You were very hungry.

You visited 1 branch of the dungeon, and saw 2 of its levels.

You collected 86 gold pieces.

Inventory:

Hand weapons
 a - a +0,+0 hand axe (weapon) {=f}
Armour
 b - a +0 animal skin
 e - a +0 ring mail
 m - a cursed +0 elven leather armour (worn)
Comestibles
 c - a bread ration
Scrolls
 d - a scroll of enchant armour {unknown}
 f - a scroll of curse armour {unknown}
 g - a scroll of remove curse {unknown}
 j - a scroll of identify {unknown}
 o - a scroll of fear {unknown}
 p - a scroll of amnesia {unknown}
 q - a scroll of noise {unknown}
Potions
 h - 2 potions of curing {unknown}
 i - a potion of slowing {unknown}
 k - a potion of paralysis {unknown}
 l - a potion of confusion {unknown}
 n - a potion of might {unknown}


   Skills:
 - Level 3.6 Fighting
 + Level 6.0 Axes
 - Level 2.4 Armour
 - Level 2.1 Dodging


You had 3 spell levels left.
You didn't know any spells.

Dungeon Overview and Level Annotations

Branches:
Dungeon (2/27)

Altars:


Innate Abilities, Weirdness & Mutations

You reflexively headbutt those who attack you in melee.
You have a pair of horns on your head.


Message History

The bat hits you but does no damage. The bat hits you but does no damage.
The bat barely misses you. The bat barely misses you.
The bat closely misses you. You furiously retaliate!
You headbutt the bat!
You kill the bat!
Trog accepts your kill. The rat closely misses you. You furiously retaliate!
You headbutt the rat.
You kill the rat!
Trog accepts your kill.
The gnoll hits you from afar with a spear.
The gnoll hits you from afar with a spear.
* * * LOW HITPOINT WARNING * * *
The gnoll misses you. The gnoll closely misses you.
A dart hits the gnoll!
The gnoll hits you from afar with a spear.
* * * LOW HITPOINT WARNING * * *
The gnoll hits you from afar with a halberd!
You die...

#....##.###.....^.............
#.... #.# #.###......##......#
..... ..# #.# #......##......#
....######.###......##...##.#
... #............##.......
#............##..##...
#.....gg.....'....#..#
#............##...#..#
#....@...........##...
#......#.............#
#......#.............#
#######...###...##....###.#
#.....'...# #...####### #.#
###.#.#####...# #...# #.#
..#.#.# #...# #...# #.#
#.#.#.# #...# . #.# #.#.#.#
##### . #.#


You could see 2 gnolls.

Vanquished Creatures
  A gnoll (D:2)
  2 adders (D:2)
  A giant gecko (D:1)
  8 bats
  5 giant cockroaches
  7 goblins
  5 hobgoblins
  3 kobolds
  A ball python (D:2)
  A giant newt (D:1)
  3 jackals (D:2)
  A quokka (D:2)
  6 rats
44 creatures vanquished.

Notes
Turn   | Place    | Note
--------------------------------------------------------------
     0 | D:1      | hallflukai, the Minotaur Berserker, began the quest for the Orb.
     0 | D:1      | Reached XP level 1. HP: 19/19 MP: 0/0
    81 | D:1      | Reached skill level 4 in Axes
   201 | D:1      | Reached XP level 2. HP: 24/26 MP: 0/0
   309 | D:1      | Acquired Trog's second power
   466 | D:1      | Reached skill level 5 in Axes
   531 | D:1      | Reached XP level 3. HP: 26/33 MP: 1/1
  1434 | D:2      | Reached skill level 6 in Axes
  1434 | D:2      | Reached XP level 4. HP: 15/39 MP: 1/1
  1483 | D:2      | Slain by a gnoll

Action                   |  1- 3 |  4- 6 || total
-------------------------+-------+-------++-------
Melee: Hand axe          |   104 |       ||   104
